 Dungeon Crawl Stone Soup version 0.28-a0-991-g956f0ee3d5 (webtiles) character file.

Game seed: 12850654007407835278

7 demibob the Twirler (level 1, -1/16 HPs)
             Began as a Demonspawn Gladiator on Dec 4, 2021.
             Slain by a jackal (3 damage)
             ... on level 1 of the Dungeon.
             The game lasted 00:00:22 (96 turns).

demibob the Twirler (Demonspawn Gladiator)            Turns: 96, Time: 00:00:22

Health: -1/16      AC:  4    Str: 14    XL:     1   Next: 91%
Magic:  1/1        EV: 12    Int:  9    God:
Gold:   0          SH:  0    Dex: 14    Spells: 0/0 levels left

rFire   . . .      SeeInvis .   a - +0 quarterstaff
rCold   . . .      Faith    .   (shield currently unavailable)
rNeg    . . .      Spirit   .   b - +0 leather armour
rPois   +          Reflect  .   c - +0 helmet
rElec   .          Harm     .   (no cloak)
rCorr   .          Rampage  .   (no gloves)
Will    .....                   (no boots)
Stlth   +.........              (no amulet)
HPRegen 0.05/turn               P - ring of poison resistance
MPRegen 0.07/turn               (no ring)

@: no status effects
A: no striking features
a: no special abilities


You were on level 1 of the Dungeon.
You visited 1 branch of the dungeon, and saw 1 of its levels.


   Skills:
 - Level 2.0 Fighting
 + Level 3.2 Staves
 - Level 1.7 Throwing
 - Level 2.6 Dodging


You couldn't memorise any spells.
You didn't know any spells.
Your spell library was empty.

Inventory:

Hand Weapons
 a - a +0 quarterstaff (weapon)
Missiles
 d - 3 throwing nets (quivered) {=f}
Armour
 b - a +0 leather armour (worn)
 c - a +0 helmet (worn)
Jewellery
 P - a ring of poison resistance (left hand)
Scrolls
 e - a scroll of teleportation {unknown}
 f - a scroll of identify {unknown}

Dungeon Overview and Level Annotations

Branches:
Dungeon (1/15)

Altars:

#..).#...#.......
#....#.....⚑....#
#....#....r.....#
#.†..#....gh....#
###.####.##+##...
#.# #hr..# #.#
####.# #. #.#
###.##
#..####@####.g##
#..'..hr.h###
####.<.#### +...+
##+##


You could see a quokka and 2 jackals.


Message History

The jackal barely misses you.
You barely miss the jackal.
The jackal is lightly wounded.
The jackal misses you. The jackal barely misses you.
You hit the jackal.
The jackal is almost dead.
The jackal bites you but does no damage.
You hit the jackal.
You kill the jackal!
The bat hits you.
* * * LOW HITPOINT WARNING * * *
You thump the jackal!
You kill the jackal!
The bat hits you.
* * * LOW HITPOINT WARNING * * *
You closely miss the bat. The bat hits you.
* * * LOW HITPOINT WARNING * * *
The bat closely misses you. The bat hits you.
* * * LOW HITPOINT WARNING * * *
You hit the bat.
You kill the bat!
The jackal barely misses you.
You barely miss the jackal.
The jackal bites you but does no damage.
The jackal barely misses you. The jackal closely misses you.
The jackal completely misses you.
There is an open door here.
The jackal bites you.
You die...

Skill      XL: |  1 |
---------------+----+-----
Staves         | 3 |  3.2
Fighting       | |  2.0
Throwing       | |  1.7
Dodging        | |  2.6

Action                   || total
-------------------------++-------
Melee: Quarterstaff      ||    30
Armor: Leather armour    ||    23
Dodge: Dodged            ||    37

Levels and vault maps discovered:
D:1:      dpeg_arrival_radiant, layout_basic, basic_ecumenical_altar

Notes
Turn   | Place    | Note
-------+----------+-------------------------------------------
     0 | D:1      | demibob the Demonspawn Gladiator began the quest for the
                  | Orb.
     0 | D:1      | Reached XP level 1. HP: 16/16 MP: 1/1
    30 | D:1      | Reached skill level 3 in Staves
    66 | D:1      | Found a faded altar of an unknown god.
    85 | D:1      | HP: 1/16 [bat (1)]
    96 | D:1      | Slain by a jackal

Vanquished Creatures
  2 bats (D:1)
  An endoplasm (D:1)
  2 jackals (D:1)
  A kobold (D:1)
  A rat (D:1)
7 creatures vanquished.

Table legend: (Time is in decaauts)
 A = Elapsed time spent in this place.
 B = Non-inter-level travel time spent in this place.
 C = Inter-level travel time spent in this place.
 D = Time resting spent in this place.
 E = Time spent auto-exploring this place.
 F = Levels seen in this place.
 G = Mean time per level.
                   A        B        C        D        E       F      G
               +--------+--------+--------+--------+--------+-----+--------+
         Total |    100 |    100 |      0 |      0 |     39 |   1 |  100.0 |
       Dungeon |    100 |    100 |      0 |      0 |     39 |   1 |  100.0 |
               +--------+--------+--------+--------+--------+-----+--------+

Top non-repeatable levels by time:
     D:1: 100 daAuts

Table legend:
 A = Non-vault XP
 B = Vault XP
 C = Vault XP percentage of total XP
 D = Non-vault monster count
 E = Vault monster count
 F = Vault count percentage of total count
                 A         B        C        D         E       F
            +---------+---------+-------+---------+---------+-------
      Total |      11 |       0 |   0.0 |       7 |       0 |   0.0
            +---------+---------+-------+---------+---------+-------
        D:1 |      11 |       0 |   0.0 |       7 |       0 |   0.0
            +---------+---------+-------+---------+---------+-------
